Melanie C, lawful female dwarven Valkyrie ------------ |....[...... |..........| |..........| |........[%| |........<.| |.*%.......| ------.----- ### --- # %[.)[)%####### ### .%| -----%. # |.% ..| #@N.)... @ ### [%...[ %%%| #|@..(.| --|-.- ###|..%(..%%| |.....| |....| # |.)....[[- |.....| |.....## ---------- |.*...| |....| ----... ------ Melanie C the Woman-at-arms Experience level: 10 Strength: 14 Dexterity: 15 Constitution: 19 Intelligence: 3 Wisdom: 10 Charisma: 8 Health: 0(124) Energy: 18(18) Def: 15 Gold: 1023 Moves: 14827 Dungeon seed: kQ8PiKiKh2Hk64kP Game ID: Melanie C_1492599637 Your Inventory: Coins $ - 1023 gold pieces Amulets g - an uncursed amulet of ESP (being worn) Weapons a - the blessed rustproof +2 Excalibur (weapon in hand) b - a blessed +0 dagger h - 9 +0 darts Armor e - an uncursed +3 small shield (being worn) r - an uncursed +0 helmet (being worn) z - an uncursed +0 plate mail (being worn) N - an uncursed +0 pair of leather gloves (being worn) Y - an uncursed +0 pair of high boots (being worn) Comestibles j - an uncursed candy bar o - 4 cursed food rations H - an uncursed tripe ration I - an uncursed slime mold Scrolls c - an uncursed scroll of confuse monster i - an uncursed scroll of genocide m - a cursed scroll of create monster n - an uncursed scroll of food detection u - an uncursed scroll of teleportation B - an uncursed scroll of enchant armor C - a blessed scroll of remove curse D - 2 cursed scrolls of enchant weapon E - 2 blessed scrolls of teleportation K - 2 cursed scrolls of identify L - a cursed scroll of earth O - 3 cursed scrolls of teleportation Potions d - a cursed potion of blindness w - a cursed potion of gain ability M - an uncursed potion of sickness Q - an uncursed potion of acid Rings f - an uncursed ring of poison resistance t - a cursed ring of regeneration v - a blessed +3 ring of increase accuracy (on right hand) x - an uncursed ring of shock resistance (on left hand) A - a cursed ring of teleport control G - a cursed ring of cold resistance P - an uncursed ring of levitation Wands k - a cursed wand of probing (0:7) p - a cursed wand of striking (0:7) s - a cursed wand of slow monster (0:7) F - a cursed wand of digging (0:4) R - a cursed wand of cancellation (0:7) S - a cursed wand of magic missile (0:1) T - a cursed wand of digging (0:3) V - a cursed wand of make invisible (0:3) W - a wand of locking (0:4) X - a cursed wand of cold (0:1) Z - a cursed wand of magic missile (0:5) Tools l - an uncursed bag of holding J - an uncursed mirror U - an uncursed blindfold Gems q - an uncursed luckstone Contents of the bag of holding: 10197 gold pieces an uncursed amulet of ESP 2 uncursed cloves of garlic 16 uncursed food rations 3 uncursed tripe rations an uncursed scroll of blank paper a blessed scroll of light an uncursed scroll of light an uncursed scroll of remove curse an uncursed potion of booze an uncursed potion of enlightenment an uncursed potion of healing a blessed potion of object detection an uncursed potion of object detection an uncursed potion of paralysis an uncursed potion of sleeping an uncursed ring of conflict an uncursed ring of conflict an uncursed ring of polymorph control an uncursed ring of protection from shape changers a wand of lightning (0:5) a blessed wand of magic missile (0:3) a wand of make invisible (0:8) a wand of opening (0:7) a wand of probing (0:5) a wand of sleep (0:7) a wand of slow monster (0:6) a wand of striking (0:4) an uncursed bugle an uncursed magic whistle a +0 pick-axe a +0 unicorn horn an uncursed worthless piece of green glass an uncursed worthless piece of red glass Spells and supernatural/magical abilities: Name Level Category Fail Memory W - pray for help -- divine ? -- Your skills at the end: Fighting Skills Weapon Skills dagger [Basic] long sword [Expert] Spellcasting Skills Final Attributes: You were piously aligned. You were cold resistant. You were shock resistant. You were poison resistant. You were level-drain resistant. You were telepathic. You had automatic searching. You had infravision. You were stealthy. You had a +3 bonus to hit. You were fast. You were lucky. You had extra luck. Bad luck did not time out for you. Good luck did not time out for you. You are dead. Vanquished creatures: 3 ghosts a lieutenant 3 giant mimics an umber hulk an Elvenking 3 stalkers an earth elemental 3 sergeants a winter wolf a shocking sphere a tengu an ochre jelly a stone giant 2 elf mummies a red naga a pit viper a python 2 carnivorous apes a leather golem 5 soldiers a crocodile 2 giant beetles a winter wolf cub a panther 2 spotted jellies 4 leprechauns 3 iron piercers a mumak 2 giant spiders a horse 3 vampire bats a forest centaur an orc mummy a dwarf mummy 3 brown puddings 2 owlbears 2 yetis 2 werewolves a Green-elf 6 lizards a jaguar a blue jelly 2 black unicorns a plains centaur a gnome mummy a snake 4 apes 2 Woodland-elves a soldier ant 42 fire ants 2 imps 3 quasits a wood nymph 2 water nymphs 3 mountain nymphs 7 Mordor orcs 3 rock piercers 5 rock moles 3 ponies 3 fog clouds 6 yellow lights a shrieker 2 violet fungi a gnomish wizard a kobold mummy a red naga hatchling a gray ooze an elf zombie 2 straw golems a paper golem a baby crocodile 3 giant ants 3 little dogs a floating eye 2 kittens a dwarf a homunculus 2 kobold lords a kobold shaman 2 hill orcs 7 rothes 3 rabid rats 4 centipedes a giant bat 8 monkeys 6 orc zombies 5 dwarf zombies a wererat a werejackal 4 iguanas 12 killer bees an acid blob 3 coyotes 2 gas spores 3 hobbits 22 manes 2 large kobolds 16 giant rats 10 cave spiders 4 brown molds 3 yellow molds 5 green molds 4 red molds 6 gnomes 20 garter snakes a gnome zombie 7 geckos 13 jackals 4 foxes 2 kobolds 3 goblins 6 sewer rats 9 grid bugs 3 bats 7 lichens 4 kobold zombies 12 newts 420 creatures vanquished. Voluntary challenges: You had followed a strict vegan diet until turn 4696. You had followed a strict vegetarian diet until turn 12218. You used a wielded weapon 595 times, starting on turn 65. You read items or engraved 19 times, starting on turn 1878. You never genocided any monsters. You never polymorphed an object. You changed form 2 times, starting on turn 6914. You used no wishes. You split 1 pudding, starting on turn 5621. You never wrote Elbereth's name. You violated your moral code, losing 1 point of alignment, starting on turn 7898. Dungeon overview: The Dungeons of Doom: levels 1 to 19 Level 1 a sink a long staircase Level 2 a potion shop, a fountain stairs to The Gnomish Mines Level 3 Level 4 a delicatessen Level 5 a fountain Level 6 some fountains Level 7 stairs to Sokoban Level 8 Level 9 Level 10 an altar to Odin, some fountains Level 11 a fountain Level 12 a sink Level 13 a hardware shop Level 14 Level 15 Level 16 Level 17 a fountain Level 18 Level 19 <- You were here The Gnomish Mines: levels 3 to 10 Level 3 stairs to The Dungeons of Doom Level 4 Level 5 many shops, a temple to Tyr, some fountains, a sink Level 6 Level 7 Level 8 Level 9 Level 10 a fountain Sokoban: levels 3 to 6 Level 3 Level 4 Level 5 Level 6 stairs to The Dungeons of Doom History has recorded: On T:1 you entered the Dungeons of Doom to retrieve the Amulet of Yendor! On T:342 you reached level 2 of The Dungeons of Doom. On T:566 you reached level 3 of The Dungeons of Doom. On T:988 you advanced to experience level 2. On T:995 you reached level 4 of The Dungeons of Doom. On T:1442 you reached level 5 of The Dungeons of Doom. On T:1560 you advanced to experience level 3. On T:1996 you reached level 6 of The Dungeons of Doom. On T:2044 you advanced to experience level 4. On T:2692 you reached level 7 of The Dungeons of Doom. On T:2817 you advanced to experience level 5. On T:3195 you reached level 1 of The Gnomish Mines. On T:3392 you reached level 2 of The Gnomish Mines. On T:3415 you reached level 3 of The Gnomish Mines. On T:3621 you advanced to experience level 6. On T:3816 you reached level 4 of The Gnomish Mines. On T:4078 you reached level 5 of The Gnomish Mines. On T:4406 you reached level 6 of The Gnomish Mines. On T:4851 you advanced to experience level 7. On T:4853 you reached level 7 of The Gnomish Mines. On T:4898 you reached level 8 of The Gnomish Mines. On T:6689 you reached level 8 of The Dungeons of Doom. On T:6835 you advanced to experience level 8. On T:7140 you reached level 9 of The Dungeons of Doom. On T:7186 you reached level 4 of Sokoban. On T:7534 you reached level 3 of Sokoban. On T:8101 you reached level 2 of Sokoban. On T:8556 you reached level 1 of Sokoban. On T:10038 you advanced to experience level 9. On T:10191 you reached level 10 of The Dungeons of Doom. On T:10260 you reached level 11 of The Dungeons of Doom. On T:10833 you reached level 12 of The Dungeons of Doom. On T:11199 you reached level 14 of The Dungeons of Doom. On T:11701 you reached level 13 of The Dungeons of Doom. On T:12535 you reached level 15 of The Dungeons of Doom. On T:13040 you reached level 16 of The Dungeons of Doom. On T:13089 you advanced to experience level 10. On T:13954 you reached level 17 of The Dungeons of Doom. On T:14335 you reached level 18 of The Dungeons of Doom. On T:14587 you reached level 19 of The Dungeons of Doom. Score breakdown: Gold: 11220 (13776 points) Experience: 10 levels (16712 points) Exploration: 19 levels ( 39.58%) (18565 points) Discoveries: 36 items ( 14.63%) (11476 points) Valuables value: (no points given unless you survive) Artifact value: 4000 (12253 points) Variety of kills: 117 monsters ( 30.71%) (16624 points) Turncount: 14827 turns (-2960 points) Survival: died (score multiplied by 80%) Total score: 69156 Latest messages: You hit the soldier! The soldier wields a short sword! You hit the soldier! The soldier thrusts her short sword. The soldier hits! You kill the soldier! There are many objects here. $ - 241 gold pieces. The invisible golden naga casts a spell! You hit the invisible golden naga. The invisible golden naga bites! The invisible golden naga casts a spell at you! Your cloak crumbles and turns to dust! The invisible golden naga misses. You hear a mumbled curse. You hit the invisible golden naga. The invisible golden naga bites! (2x) The invisible golden naga casts a spell at you! Your head suddenly aches very painfully! The lieutenant swings her broadsword. The lieutenant hits! You die... Final status: Farvel Melanie C the Valkyrie, killed by a lieutenant... You died in The Dungeons of Doom on dungeon level 19 with 69156 points, and 11220 pieces of gold, after 14827 moves. You were level 10 with a maximum of 124 hit points when you died.